AoeStats
← Blei Blei

Black Forest

510224135Analyzed
3v3 RM · 3d ago on Sep 30, 2026· 59m 29s· 6 players
Game mode
Random Map
Map size
Normal (6 player)
Population
200
Speed
Normal
Resources
Standard
Victory
Conquest
Starting age
Dark Age
Ending age
Imperial Age
RankedLock teamsTeams togetherTeam positionsShared explorationLock speedFull tech treeHidden civsTurbo modeCheats
Victory
Defeat
🇨🇳 Britons · China
972
+15
🇪🇨 Franks · Ecuador
957
+16
🇵🇪 Gurjaras · Peru
931
+17
🇦🇷 Hindustanis · Argentina
993
-18
🇦🇷 Malians · Argentina
938
-15
🇦🇷 Turks · Argentina
923
-15
Genghis Mike
0:34 Loom
13:36 Feudal Age
15:21 Town Watch
18:01 Arson
25:25 Double-Bit Axe
30:04 Castle Age
30:17 Forging
33:32 Stone Mining
34:02 Elite Skirmisher
36:32 Light Cavalry
37:50 Husbandry
38:46 Ordonnance Companies
40:35 Wheelbarrow
43:01 Caravan
47:47 Imperial Age
47:06 Scale Barding Armor
47:38 Iron Casting
46:56 Fletching
47:06 Padded Archer Armor
47:18 Bow Saw
47:51 Cavalier
48:04 Capped Ram
50:41 Paladin
51:55 Conscription
52:45 Chivalry
55:02 Chemistry
54:23 Ballistics
53:59 Murder Holes
54:14 Fortified Wall
Blei Blei
2:02 Loom
13:08 Feudal Age
13:51 Double-Bit Axe
19:31 Castle Age
19:24 Stone Mining
19:26 Gold Mining
22:12 Bow Saw
23:37 Wheelbarrow
24:10 Fishing Lines
28:06 Hand Cart
27:37 Town Watch
28:42 Forging
28:25 Fletching
29:21 Padded Archer Armor
29:16 Bodkin Arrow
31:14 Town Patrol
35:02 Imperial Age
35:08 Leather Archer Armor
35:04 Forging
35:26 Ballistics
35:49 Fortified Wall
35:09 Elite Elephant Archer
35:56 Thumb Ring
37:00 Conscription
38:57 Chemistry
39:18 Gold Shaft Mining
38:43 Horse Collar
39:53 Masonry
39:47 Bracer
40:28 Stone Shaft Mining
40:15 Caravan
40:35 Heavy Plow
42:35 Frontier Guards
50:34 Husbandry
50:54 Light Cavalry
52:15 Scale Barding Armor
52:52 Bloodlines
52:16 Hussar
54:50 Chain Barding Armor
55:06 Iron Casting
57:23 Plate Barding Armor
56:49 Scale Mail Armor
58:41 Crop Rotation
s1mple
0:28 Loom
13:14 Feudal Age
13:39 Horse Collar
15:20 Double-Bit Axe
22:58 Castle Age
22:49 Stone Mining
22:49 Gold Mining
23:05 Padded Archer Armor
22:55 Fletching
25:14 Bow Saw
25:06 Heavy Plow
25:24 Caravan
26:12 Scale Barding Armor
26:17 Forging
29:45 Gold Shaft Mining
29:33 Leather Archer Armor
29:13 Bodkin Arrow
31:41 Wheelbarrow
31:02 Man-at-Arms
31:52 Squires
31:13 Pikeman
35:28 Hand Cart
34:59 Town Watch
38:19 Imperial Age
38:32 Masonry
38:04 Treadmill Crane
38:36 Fortified Wall
38:49 Ballistics
38:29 Elite Longbowman
39:30 Conscription
40:00 Heavy Scorpion
41:47 Conscription
40:54 Elite Longbowman
41:58 Yeomen
42:34 Town Patrol
43:11 Ring Archer Armor
42:41 Bracer
44:18 Chemistry
44:22 Iron Casting
43:47 Scale Mail Armor
43:13 Halberdier
43:40 Gambesons
45:32 Murder Holes
46:22 Siege Engineers
46:28 Masonry
47:56 Two-Man Saw
48:22 Capped Ram
52:17 Onager
Gil laburante
0:35 Loom
11:34 Feudal Age
11:48 Man-at-Arms
13:50 Double-Bit Axe
25:29 Castle Age
27:07 Bow Saw
26:47 Horse Collar
28:17 Wheelbarrow
35:08 Gold Mining
40:39 Imperial Age
39:11 Fortified Wall
41:30 Hand Cart
41:01 Heavy Camel Rider
41:51 Bloodlines
41:56 Husbandry
42:07 Grand Trunk Road
42:28 Conscription
43:52 Heavy Plow
43:25 Imperial Camel Rider
45:14 Forging
45:09 Scale Barding Armor
47:23 Two-Man Saw
47:07 Gold Shaft Mining
46:22 Stone Mining
49:10 Iron Casting
48:56 Chain Barding Armor
51:05 Hoardings
52:11 Plate Barding Armor
52:40 Blast Furnace
52:05 Elite Ghulam
52:52 Caravan
54:07 Scale Mail Armor
FATIGA
0:34 Loom
12:12 Feudal Age
19:57 Castle Age
18:33 Double-Bit Axe
18:41 Stone Mining
22:37 Wheelbarrow
23:50 Gold Mining
24:59 Bow Saw
27:21 Stone Shaft Mining
27:23 Gold Shaft Mining
26:38 Horse Collar
26:49 Town Watch
28:41 Hand Cart
29:43 Fortified Wall
32:51 Imperial Age
32:21 Scale Mail Armor
32:32 Forging
32:51 Ballistics
32:41 Town Patrol
33:18 Chain Mail Armor
32:58 Pikeman
33:39 Squires
33:25 Arson
34:29 Heavy Plow
34:29 Elite Gbeto
37:04 Plate Mail Armor
37:10 Iron Casting
36:42 Scale Barding Armor
36:45 Heavy Camel Rider
37:36 Bloodlines
37:27 Husbandry
38:16 Onager
39:44 Farimba
41:07 Chain Barding Armor
42:07 Chemistry
42:57 Plate Barding Armor
47:20 Padded Archer Armor
47:11 Fletching
47:31 Elite Skirmisher
48:17 Thumb Ring
49:20 Bodkin Arrow
49:41 Leather Archer Armor
50:52 Conscription
50:13 Light Cavalry
51:12 Light Cavalry
52:30 Crop Rotation
54:03 Ring Archer Armor
55:35 Caravan
58:38 Cavalier
Fedenyahu
11:19 Feudal Age
15:37 Loom
18:14 Castle Age
17:35 Wheelbarrow
16:51 Double-Bit Axe
16:50 Horse Collar
17:04 Gold Mining
19:01 Man-at-Arms
22:58 Bow Saw
22:51 Heavy Plow
24:03 Hand Cart
24:51 Town Watch
26:39 Town Patrol
32:12 Imperial Age
30:43 Ballistics
30:34 Masonry
33:59 Bombard Tower
34:03 Conscription
33:47 Artillery
34:12 Sipahi
35:24 Two-Man Saw
34:19 Stone Mining
35:07 Gold Shaft Mining
36:34 Elite Janissary
41:36 Caravan
42:07 Coinage
41:48 Guilds
56:55 Banking
Connection lost

Rejoining the realm…

Still unreachable

The connection could not be restored.

Session expired

The server has moved on; the page needs a fresh start.